 Dungeon Crawl Stone Soup version 0.23-a0-690-g0a1fc62c7c (webtiles) character file.

331 Morbidden the Scratcher (level 6, -2/28 HPs)
             Began as a Felid Monk on Jan 11, 2019.
             Was a Believer of Wu Jian.
             Slain by a gnoll
             ... wielding a cursed -3 spear
              (5 damage)
             ... on level 4 of the Dungeon.
             The game lasted 00:10:04 (4719 turns).

Morbidden the Scratcher (Felid Monk)                Turns: 4719, Time: 00:10:05

Health: -2/28      AC:  2    Str:  7    XL:     6   Next: 26%
Magic:  16/16      EV: 21    Int: 12    God:    Wu Jian [**....]
Gold:   325        SH:  0    Dex: 20    Spells: 4/5 levels left
                                        Lives:  0   Deaths: 1

rFire    . . .     SeeInvis +     - Unarmed
rCold    . . .     Gourm    .   (shield unavailable)
rNeg     . . .     Faith    .   (armour unavailable)
rPois    .         Spirit   .   (helmet unavailable)
rElec    .         Reflect  .   (cloak unavailable)
rCorr    .         Harm     .   (gloves unavailable)
MR       .....                  (boots unavailable)
Stlth    ++++......             (no amulet)
HPRegen  0.09/turn              i - ring of magical power
MPRegen  0.15/turn              (no ring)

@: quick
A: very small, no armour, no weapons or thrown items, stealth, claws 1, fangs 3,
see invisible, carnivore, speed 1, shaggy fur 2, slow metabolism 1, sharp paws
a: Wall Jump, Renounce Religion


You were on level 4 of the Dungeon.
You worshipped Wu Jian.
Wu Jian was pleased with you.
You were not hungry.

You visited 1 branch of the dungeon, and saw 4 of its levels.

You collected 325 gold pieces.

Inventory:

Jewellery
 i - a ring of magical power (left paw)
 n - an uncursed ring of resist corrosion {unknown}
 p - an uncursed ring of protection from fire
 s - an uncursed ring of wizardry {unknown}
Scrolls
 c - 2 scrolls of identify
 e - a scroll of fog {unknown}
 j - 2 scrolls of fear {unknown}
 k - 3 scrolls of remove curse {unknown}
Potions
 b - 2 potions of haste
 d - a potion of mutation
 f - 3 potions of curing
 g - a potion of resistance
 h - a potion of berserk rage
 l - a potion of flight {unknown}
 m - a potion of agility {unknown}
 o - a potion of magic {unknown}
 q - 2 potions of heal wounds {unknown}
 r - a potion of lignification {unknown}
Comestibles
 a - 9 rations


   Skills:
 + Level 3.5 Fighting
 + Level 5.2 Dodging
 + Level 5.4 Stealth
 + Level 5.6 Unarmed Combat
 * Level 1.7 Conjurations


You had 4 spell levels left.
You knew the following spells:

 Your Spells              Type           Power        Failure   Level  Hunger
a - Magic Dart            Conj           #...         17%         1    ##.....

Your spell library contained the following spells:

 Spells                   Type           Power        Failure   Level  Hunger
 Blink                    Tloc           N/A          45%         2    ###....
 Call Imp                 Summ           #.......     45%         2    ###....
 Slow                     Hex            #.......     45%         2    ###....
 Conjure Flame            Conj/Fire      #.......     56%         3    ####...
 Mephitic Cloud           Conj/Pois/Air  #.......     63%         3    ####...


Dungeon Overview and Level Annotations

Branches:
Dungeon (4/15)
 Temple: D:4-7

Altars:
Cheibriados
Wu Jian
Yredelemnul
Zin

Annotations:
D:3 2 transporters, dcsswall's ghost, amateur DrCj


Innate Abilities, Weirdness & Mutations

You cannot wear armour.
You are incapable of wielding weapons or throwing items.
Your paws allow you to move quietly. (Stealth)
You have sharp claws.
You have razor-sharp teeth.
You have supernaturally acute eyesight. (SInv)
You are carnivorous and can eat meat at any time.
You cover ground quickly.
You are covered in thick fur. (AC +2)
You have a slow metabolism.
Your sharp claws are effective at attacking unaware monsters.


Message History

You repeatedly attack the gnoll from above.
You scratch the gnoll but do no damage.
The gnoll is severely wounded.
You completely miss the gnoll. You bite the gnoll, but do no damage.
The gnoll is severely wounded.
The gnoll hits you with a +0 flail. The gnoll barely misses you.
The gnoll misses you. The gnoll barely misses you.
The gnoll closely misses you. The gnoll hits you with a +0 club!
* * * LOW HITPOINT WARNING * * *
Unknown command.
Unknown command.
Unknown command.
You spin and attack the gnoll.
You scratch the gnoll but do no damage.
The gnoll is moderately wounded.
You spin and attack the gnoll.
You barely miss the gnoll.
The gnoll is severely wounded.
The gnoll closely misses you.
Unknown command.
The gnoll hits you from afar with a cursed -3 spear.
You die...

##.# #......### #.... #.##
##........### ##.... ##.#
#...........####..... #.#
##............##...... #.##
#.................##.. # ##.#
#................####. ####.##
##...............## #. ...#..#
#...g............# ## ......#
##.gg.@.........## # ......###
#.°g°........### # ........#
#########...## # <.......#
##...## # ........## ##g..## ##
.....)...# ###)..######## ##.
........#######............# #..
.........##................# ##.#
...........................###..#


You could see 4 gnolls.

Vanquished Creatures
  Edmund (D:4)
  An ogre (D:4)
  A scorpion (D:4)
  An orc priest (D:2)
  A worker ant (D:3)
  5 adders
  2 oozes
  A worm (D:2)
  5 dart slugs
  6 leopard geckos
  4 orcs
  A ball python (D:4)
  4 bats
  5 giant cockroaches
  6 goblins
  11 hobgoblins
  7 jackals
  5 kobolds
  3 frilled lizards
  9 rats
79 creatures vanquished.

Notes
Turn   | Place    | Note
-------+----------+-------------------------------------------
     0 | D:1      | Morbidden the Felid Monk began the quest for the Orb.
     0 | D:1      | Reached XP level 1. HP: 10/10 MP: 2/2
   271 | D:1      | Reached XP level 2. HP: 14/14 MP: 3/3
   858 | D:1      | Reached XP level 3. HP: 10/17 MP: 4/4
  1171 | D:2      | Found an ornate altar of the Wu Jian Council.
  1172 | D:2      | Found a basalt altar of Yredelemnul.
  1186 | D:2      | Became a worshipper of the Wu Jian Council
  1186 | D:2      | Reached * piety under Wu Jian
  1186 | D:2      | Reached ** piety under Wu Jian
  1244 | D:2      | Found a faded altar of an unknown god.
  1612 | D:2      | Found a glowing silver altar of Zin.
  1786 | D:2      | Reached XP level 4. HP: 21/21 MP: 5/5
  2685 | D:3      | Reached XP level 5. HP: 16/24 MP: 6/6
  2777 | D:3      | Reached skill level 5 in Dodging
  2778 | D:3      | Found a snail-covered altar of Cheibriados.
  2795 | D:3      | Noticed dcsswall's ghost (amateur DrCj)
  2797 | D:3      | Found a transporter.
  2807 | D:3      | Learned a level 1 spell: Magic Dart
  2893 | D:3      | Found a transporter.
  3344 | D:4      | Reached skill level 5 in Unarmed Combat
  3368 | D:4      | Noticed Edmund
  3418 | D:4      | Slain by Edmund
  3419 | D:4      | Reached XP level 4. HP: -5/21 MP: 2/14
  3518 | D:4      | Noticed an ogre
  3534 | D:4      | Killed an ogre
  3534 | D:4      | Reached *** piety under Wu Jian
  3534 | D:4      | Reached skill level 5 in Stealth
  3534 | D:4      | Reached skill level 1 in Conjurations
  3534 | D:4      | Reached XP level 5. HP: 3/24 MP: 6/6
  3849 | D:4      | Killed Edmund
  3849 | D:4      | Gained mutation: You are covered in thick fur. (AC +2)
                  | [Felid growth]
  3849 | D:4      | Reached XP level 6. HP: 10/28 MP: 7/7
  3909 | D:4      | HP: 1/28 [gnoll/cursed -3 spear (11)]
  4719 | D:4      | Slain by a gnoll

Vault maps used:
D:1:      lightli_arrival_noodles, minivault_26
D:2:      zin_statuary, minitemple, chequers_ecumenical_altar_twisty,
          minmay_pentomino_w2
D:3:      cheibriados_altar_1, gammafunk_ghost_arena
D:4:      uniq_edmund

Skill      XL: |  1  2  3  4  5 |
---------------+----------------+-----
Stealth        | 3 5 |  5.4
Unarmed Combat | 4 5 |  5.6
Dodging        | 5 |  5.2
Conjurations   | 1 |  1.7
Fighting       | |  3.5

Action                   |  1- 3 |  4- 6 || total
-------------------------+-------+-------++-------
Melee: Unarmed           |   103 |   188 ||   291
       Bite              |    12 |    26 ||    38
       Punch             |     1 |     3 ||     4
 Cast: Magic Dart        |       |     5 ||     5
Invok: Lunge             |     7 |    24 ||    31
       Whirlwind         |       |     4 ||     4
       Serpent's Lash    |       |     1 ||     1
 Abil: Wall Jump         |     2 |    11 ||    13
  Use: Scroll            |       |     6 ||     6
 Stab: Sleeping          |     9 |    10 ||    19
       Distracted        |       |     1 ||     1
  Eat: Chunk             |       |     3 ||     3
Armor: Skin              |     4 |     7 ||    11
Dodge: Dodged            |    74 |   120 ||   194

Table legend:
 A = Non-vault XP
 B = Vault XP
 C = Vault XP percentage of total XP
 D = Non-vault monster count
 E = Vault monster count
 F = Vault count percentage of total count
                 A         B        C        D         E       F
            +---------+---------+-------+---------+---------+-------
      Total |     480 |     161 |  25.1 |      77 |       2 |   2.5
            +---------+---------+-------+---------+---------+-------
        D:1 |      53 |       0 |   0.0 |      26 |       0 |   0.0
        D:2 |     119 |      14 |  10.5 |      23 |       1 |   4.2
        D:3 |      79 |       0 |   0.0 |      18 |       0 |   0.0
        D:4 |     229 |     147 |  39.1 |      10 |       1 |   9.1
            +---------+---------+-------+---------+---------+-------
